 Dungeon Sprint DCSS version 0.29-a0-284-gf9362112df (webtiles) character file.

Game seed: 13132119008758372801

32 mhtbhm the Chopper (level 3, 0/48 HPs)
             Began as a Human Berserker on Mar 19, 2022.
             Was a Believer of Trog.
             Slain by a human (7 damage)
             ... in the Dungeon (Sprint III: "The Ten Rune Challenge").
             The game lasted 00:00:14 (271 turns).

mhtbhm the Chopper (Human Berserker)                 Turns: 271, Time: 00:00:14

Health: 0/48       AC:  2    Str: 19    XL:     3   Next: 42%
Magic:  3/3        EV: 12    Int:  7    God:    Trog [**....]
Gold:   6          SH:  0    Dex: 12    Spells: 2/2 levels left

rFire   . . .      SeeInvis .   a - +0 hand axe
rCold   . . .      Faith    .   (no shield)
rNeg    . . .      Spirit   .   b - +0 animal skin
rPois   .          Reflect  .   (no helmet)
rElec   .          Harm     .   (no cloak)
rCorr   .          Rampage  .   (no gloves)
Will    .....      NoTele   +   (no boots)
Stlth   ..........              (no amulet)
HPRegen 0.16/turn               (no ring)
MPRegen 0.08/turn               (no ring)

@: berserking (expiring), very quick
A: no striking features
a: Renounce Religion, Berserk, Trog's Hand


You were in the Dungeon.
You worshipped Trog.
Trog was pleased with you.
You visited 1 branch You collected 6 gold pieces.

Inventory:

Hand Weapons
 a - a +0 hand axe (weapon)
Armour
 b - a +0 animal skin (worn)
Scrolls
 h - a scroll of blinking
Potions
 c - a potion of curing
 d - a potion of heal wounds
 e - a potion of haste
 f - 2 potions of magic
 g - a potion of berserk rage


   Skills:
 + Level 4.8 Fighting
 + Level 4.9 Axes
 + Level 2.7 Armour
 + Level 2.7 Dodging


You had 2 spell levels left.
You didn't know any spells.
Your spell library was empty.

Dungeon Overview and Level Annotations

Branches:
Dungeon (1/1)

Altars:


Message History

Crazy Yiuf burns you.
You slash Crazy Yiuf!
Crazy Yiuf is severely wounded.
Crazy Yiuf hits you with a +3 quarterstaff of chaos!
* * * LOW HITPOINT WARNING * * *
Crazy Yiuf freezes you.
* * * LOW HITPOINT WARNING * * *
You are too injured to fight recklessly!
You are too injured to fight recklessly!
You are too injured to fight recklessly!
You are too injured to fight recklessly!
You are too injured to fight recklessly!
You are too injured to fight recklessly!
You are too injured to fight recklessly!
You are too injured to fight recklessly!
You are too injured to fight recklessly!
You are too injured to fight recklessly!
You slash Crazy Yiuf!
You kill Crazy Yiuf!
Trog accepts your kill.
You hit the human. The human barely misses you.
Your Fighting skill increases to level 4!
Your Axes skill increases to level 4!
You have reached level 2!
You have reached level 3!
Your experience leads to an increase in your attributes!
Increase (S)trength, (I)ntelligence, or (D)exterity?
You feel stronger. x2
Unknown command.
Unknown command.
You barely miss the human.
The human is lightly wounded.
You slash the human!
The human is moderately wounded.
The human hits you.
* * * LOW HITPOINT WARNING * * *
You slash the human!
The human is heavily wounded.
The human hits you!
You die...

▓▓▓▓ ▓▓▓▓▓ ▓<.#
+...♣♣♣♣ ▓..#
#....♣.♣
▓#'####......♣
▓.....#....≈.♣♣
▓†....#...≈≈♣.♣♣♣
▓.....#).≈≈≈≈♣♣.♣
▓####'#@.≈≈≈≈≈≈♣♣
▓)..†.#p≈≈≈≈≈≈...
▓...†.#.≈≈≈≈≈....
▓.....#.≈≈≈......
▓'#####..........
▓................
▓▓▓▓▓▓▓▓▓▓▓▓▓▓▓▓▓


You could see a human.

Vanquished Creatures
  Crazy Yiuf (D)
  4 rats (D)
5 creatures vanquished.

Notes
Turn   | Place    | Note
-------+----------+-------------------------------------------
     0 | D        | mhtbhm the Human Berserker began the quest for the Orb.
     0 | D        | Reached XP level 1. HP: 18/18 MP: 1/1
   209 | D        | Reached ** piety under Trog
   261 | D        | Noticed Crazy Yiuf
   268 | D        | Killed Crazy Yiuf
   269 | D        | Reached XP level 2. HP: 8/26 MP: 2/2
   269 | D        | Reached XP level 3. HP: 10/32 MP: 3/3
   271 | D        | Slain by a human

Illustrated notes

Levels and vault maps discovered:
D:        dungeon_sprint_mu [sprint_mu_entry_forest, sprint_mu_temple_rooms,
          sprint_mu_d1_horrors, sprint_mu_d2_genie, sprint_mu_d3_branching,
          sprint_mu_orc_legion, sprint_mu_elf_gauntlet, sprint_mu_hive_nellie,
          sprint_mu_lair_fedhas, sprint_mu_vaults_butterflies,
          sprint_mu_slime_circle, sprint_mu_swamp_cave, sprint_mu_snake_twists,
          sprint_mu_blade_basic, sprint_mu_crypt_fortress,
          sprint_mu_tomb_spiral, sprint_mu_vestibule_basic,
          sprint_mu_gehenna_hellfire, sprint_mu_dis_giant,
          sprint_mu_tartarus_statrot, sprint_mu_cocytus_islands, sprint_mu_zot1]

Skill      XL: |  1 |
---------------+----+-----
Fighting       | 4 |  4.8
Axes           | 4 |  4.9
Armour         | |  2.7
Dodging        | |  2.7

Action                   || total
-------------------------++-------
Melee: Hand axe          ||    16
Invok: Berserk           ||     1
Armor: Animal skin       ||     1
Dodge: Dodged            ||     4

Table legend: (Time is in decaauts)
 A = Elapsed time spent in this place.
 B = Non-inter-level travel time spent in this place.
 C = Inter-level travel time spent in this place.
 D = Time resting spent in this place.
 E = Time spent auto-exploring this place.
 F = Levels seen in this place.
 G = Mean time per level.
                   A        B        C        D        E       F      G
               +--------+--------+--------+--------+--------+-----+--------+
         Total |    270 |    270 |      0 |    220 |      1 |   1 |  270.0 |
       Dungeon |    270 |    270 |      0 |    220 |      1 |   1 |  270.0 |
               +--------+--------+--------+--------+--------+-----+--------+

Top non-repeatable levels by time:
       D: 270 daAuts
